 Dungeon Crawl Stone Soup version 0.26.0-10-g1f06aea511 (webtiles) character file.

Game seed: 5708586031369796676

135 Borgoz the Slasher (level 5, -3/45 HPs)
             Began as a Ghoul Gladiator on Jan 15, 2021.
             Slain by a wight
             ... wielding a +0 short sword
              (4 damage)
             ... on level 2 of the Dungeon.
             The game lasted 00:02:46 (1740 turns).

Borgoz the Slasher (Ghoul Gladiator)                Turns: 1740, Time: 00:02:47

Health: -3/45      AC:  9    Str: 15 (18) XL:     5   Next: 18%
Magic:  4/4        EV: 10    Int:  2 (3)  God:
Gold:   43         SH:  0    Dex:  9 (11) Spells: 4/4 levels left

rFire    . . .     SeeInvis .   a - +0 long sword
rCold    + . .     Faith    .   (no shield)
rNeg     + + +     Spirit   .   d - +0 scale mail
rPois    ∞         Reflect  .   h - +2 helmet
rElec    .         Harm     .   (no cloak)
rCorr    .         Rampage  .   (no gloves)
Will     .....                  (no boots)
Stlth    ..........             (no amulet)
HPRegen  0.00/turn              (no ring)
MPRegen  0.09/turn              (no ring)

@: no status effects
A: claws 1, cold resistance 1, negative energy resistance 3, inhibited
regeneration, torment resistance, unbreathing
a: no special abilities


You were on level 2 of the Dungeon.
You visited 1 branch of the dungeon, and saw 2 of its levels.

You collected 43 gold pieces.

Inventory:

Hand Weapons
 a - a +0 long sword (weapon)
Armour
 d - a +0 scale mail (worn)
 h - a +2 helmet (worn)
Scrolls
 e - 2 scrolls of amnesia {unknown}
 f - a scroll of magic mapping {unknown}
 g - 2 scrolls of identify {unknown}
 i - a scroll of remove curse {unknown}
 j - a scroll of teleportation


   Skills:
 + Level 3.0 Fighting
 * Level 3.7 Long Blades
 - Level 1.7 Throwing
 + Level 1.3 Armour
 * Level 3.6 Dodging


You had 4 spell levels left.
You didn't know any spells.
Your spell library was empty.

Dungeon Overview and Level Annotations

Branches:
Dungeon (2/15)

Altars:
Wu Jian


Innate Abilities, Weirdness & Mutations

You thrive by killing the living.
You are immune to poison.
You have sharp fingernails.
Your flesh is cold resistant. (rC+)
You are immune to negative energy. (rN+++)
You do not regenerate when monsters are visible.
You are immune to unholy pain and torment.
You can survive without breathing.


Message History

You feel better.
The wight hits you with a +0 short sword.
* * * LOW HITPOINT WARNING * * *
You hit the wight but do no damage.
The wight is moderately damaged.
A wight comes into view. It is wielding a +5 short sword.
The wight hits you but does no damage.
You hit the wight.
The wight is heavily damaged.
The wight barely misses you.
You riposte.
You hit the wight.
The wight is severely damaged.
You hit the wight.
The wight is almost destroyed.
The wight hits you but does no damage.
You closely miss the wight.
The wight is almost destroyed.
The wight hits you with a +0 short sword.
* * * LOW HITPOINT WARNING * * *
The wight hits you with a +0 short sword.
You die...

.............########
#...........(#
#............####
##'####.........# .
<#.####.###.....#
#####.# ......#.#
#.....# ###...g..#
.#.##.#.#
#.....###.÷......'
......#.#
#...###..........#
......#.#
#...zz@÷.......###
#####.#.#
#....##.##########
......#.#
#....##[))).......
#######.#
#...########......
........# #...###
.....
############z...#
#### ..
.......†(....# .#
#...........# .#
#......))..##


You could see 2 wights.

Vanquished Creatures
  Jessica (D:2)
  Terence (D:2)
  Robin (D:2)
  3 adders (D:2)
  A worm (D:2)
  A dart slug (D:2)
  A giant cockroach (D:2)
  11 goblins
  5 hobgoblins
  4 jackals (D:2)
  6 kobolds
  3 bats
  4 frilled lizards
  4 rats (D:2)
46 creatures vanquished.

Notes
Turn   | Place    | Note
-------+----------+-------------------------------------------
     0 | D:1      | Borgoz the Ghoul Gladiator began the quest for the Orb.
     0 | D:1      | Reached XP level 1. HP: 17/17 MP: 0/0
   190 | D:1      | Reached XP level 2. HP: 25/25 MP: 1/1
  1113 | D:2      | Reached XP level 3. HP: 28/30 MP: 2/2
  1134 | D:2      | Found an ornate altar of the Wu Jian Council.
  1138 | D:2      | Noticed Terence
  1169 | D:2      | Killed Terence
  1327 | D:2      | Reached skill level 1 in Armour
  1434 | D:2      | Noticed Robin
  1438 | D:2      | Reached XP level 4. HP: 29/37 MP: 3/3
  1475 | D:2      | Killed Robin
  1668 | D:2      | Noticed Jessica
  1705 | D:2      | Killed Jessica
  1706 | D:2      | Reached XP level 5. HP: 7/45 MP: 4/4
  1740 | D:2      | HP: 1/45 [wight/+0 short sword (4)]
  1740 | D:2      | Slain by a wight

Illustrated notes

Levels and vault maps discovered:
D:1:      co_arrival_hall_of_pillars, layout_basic
D:2:      layout_basic, general_overflow_altar, uniq_robin, uniq_jessica,
          uniq_terence

Skill      XL: |  1  2  3  4 |
---------------+-------------+-----
Long Blades    | 3 |  3.7
Dodging        | 3 |  3.6
Armour         | 1 |  1.3
Fighting       | 3 |  3.0
Throwing       | |  1.7

Action                   |  1- 3 |  4- 6 || total
-------------------------+-------+-------++-------
Melee: Long sword        |    90 |    79 ||   169
Throw: Throwing net      |     3 |       ||     3
  Use: Scroll            |       |     2 ||     2
       Potion            |       |     1 ||     1
 Stab: Held in net/web   |     2 |       ||     2
Armor: Ring mail         |    15 |       ||    15
       Leather armour    |     1 |       ||     1
       Scale mail        |    20 |    49 ||    69
Dodge: Dodged            |    46 |    59 ||   105
       Rpst.: Long sword |    10 |    20 ||    30
